 Dungeon Crawl Stone Soup version 0.29.1-2-gbd0b4ee654 (webtiles) character file.

Game seed: 1083444827326479201

912 nshep25 the Chopper (level 7, -17/62 HPs)
             Began as a Minotaur Fighter on Nov 2, 2022.
             Demolished by an ogre
             ... wielding a +0 giant spiked club
              (28 damage)
             ... while paralysed by Grinder
             ... on level 6 of the Dungeon.
             The game lasted 00:10:52 (5254 turns).

nshep25 the Chopper (Minotaur Fighter)              Turns: 5254, Time: 00:10:52

Health: -17/62     AC: 14    Str: 22    XL:     7   Next: 82%
Magic:  6/6        EV:  2    Int:  5    God:
Gold:   382        SH:  0    Dex: 10    Spells: 6/6 levels left

rFire   . . .      SeeInvis .   a - +0 war axe
rCold   . . .      Faith    .   c - +0 buckler
rNeg    . . .      Spirit   .   t - +0 plate armour
rPois   .          Reflect  .   (helmet restricted)
rElec   .          Harm     .   p - +0 cloak
rCorr   .          Rampage  .   (no gloves)
Will    .....                   (no boots)
Stlth   ..........              (no amulet)
HPRegen 0.20/turn               l - ring of flight
MPRegen 0.10/turn               (no ring)

@: paralysed, flying
A: horns 2, retaliatory headbutt
a: no special abilities


You were on level 6 of the Dungeon.
You visited 1 branch of the dungeon, and saw 6 of its levels.

You collected 382 gold pieces.

Inventory:

Hand Weapons
 a - a +0 war axe (weapon)
Missiles
 n - 6 javelins (quivered)
Armour
 b - a +0 scale mail
 c - a +0 buckler (worn)
 p - a +0 cloak (worn)
 t - a +0 plate armour (worn)
Jewellery
 k - a ring of wizardry
 l - a ring of flight (left hand)
Scrolls
 h - 4 scrolls of amnesia
 m - a scroll of summoning {unknown}
 o - a scroll of butterflies {unknown}
 q - 3 scrolls of teleportation {unknown}
 r - 6 scrolls of identify {unknown}
Potions
 d - a potion of might
 e - 3 potions of heal wounds {unknown}
 f - 3 potions of curing {unknown}
 g - 3 potions of brilliance {unknown}
 i - 4 potions of berserk rage {unknown}
 j - 3 potions of lignification {unknown}
 s - a potion of mutation {unknown}


   Skills:
 + Level 5.7 Fighting
 + Level 7.4 Axes
 + Level 6.1 Armour
 + Level 2.4 Dodging
 + Level 0.1 Stealth
 + Level 4.9 Shields


You had 6 spell levels left.
You didn't know any spells.
Your spell library contained the following spells:

 Spells                   Type           Power      Damage    Failure   Level
 Slow                     Hex            0%         N/A       100%        1
 Confusing Touch          Hex            0%         N/A       100%        3
 Vampiric Draining        Necr           0%         2d6       100%        3


Dungeon Overview and Level Annotations

Branches:
Dungeon (6/15)
 Temple: D:4-7

Altars:
Okawaru
Zin

Shops:
D:4 ![?*

Annotations:
D:6 Grinder


Innate Abilities, Weirdness & Mutations

You have a pair of horns on your head.
You reflexively headbutt those who attack you in melee.


Message History

You fly downwards.
The hatch slams shut behind you.
Grinder comes into view.
Grinder shouts!
Grinder gestures at you.
You suddenly lose the ability to move!
Grinder gestures at you. You resist with significant effort.
You can move again.
Grinder gestures at you. You resist with significant effort.
Grinder blinks!
Grinder gestures at you.
You suddenly lose the ability to move!
You can move again.
Grinder blinks!
You start waiting.
There are monsters nearby!
The ogre hits you with a +0 giant spiked club!
You hit the ogre. Your headbutt misses the ogre.
The ogre is lightly wounded.
Grinder gestures at you. Pain shoots through your body!
The ogre closely misses you. You furiously retaliate!
You headbutt the ogre! You slash the ogre!
The ogre is almost dead.
You closely miss the ogre.
The ogre is almost dead.
The ogre hits you with a +0 giant spiked club!
Grinder gestures at you.
You struggle to resist.
You hit the ogre but do no damage.
The ogre is almost dead.
The ogre hits you with a +0 giant spiked club!!
* * * LOW HITPOINT WARNING * * *
Grinder gestures at you.
You suddenly lose the ability to move!
The ogre hits you with a +0 giant spiked club.
* * * LOW HITPOINT WARNING * * *
The ogre hits you with a +0 giant spiked club!!
You die...

####.#..........
#...............
#..###.......... #..#
###........ #..#
#........
####.#####........
##.....#...........
#.#.....O..##........
.......@##.........#.
.......5##........##
.##.$...###.........
#....... #..........
..##......#O...5..##.
. ##.............#
..#####.....##. #..
#....... ##.
.........


You could see Grinder and an ogre.

Vanquished Creatures
  A black bear (D:6)
  A phantom (D:5)
  A gnoll sergeant (D:5)
  A jelly (D:4)
  2 necrophages
  3 scorpions
  2 hounds
  Ijyb (D:3)
  8 gnolls
  5 adders
  An ufetubus (D:4)
  A worm (D:3)
  5 dart slugs
  9 orcs
  6 ball pythons
  6 endoplasms
  6 giant cockroaches
  8 goblins
  11 hobgoblins
  4 jackals (D:5)
  11 kobolds
  5 quokkas (D:2)
  8 bats
  2 frilled lizards
  7 rats
115 creatures vanquished.

Notes
Turn   | Place    | Note
-------+----------+-------------------------------------------
     0 | D:1      | nshep25 the Minotaur Fighter began the quest for the Orb.
     0 | D:1      | Reached XP level 1. HP: 19/19 MP: 0/0
   145 | D:1      | Reached XP level 2. HP: 27/27 MP: 1/1
   671 | D:1      | Found a faded altar of an unknown god.
   898 | D:2      | Reached skill level 3 in Axes
  1032 | D:2      | Reached XP level 3. HP: 30/33 MP: 2/2
  1066 | D:2      | Identified the +9 sling of the Shining Light {speed, Str+4
                  | Int+3}
  1329 | D:2      | Found a glowing silver altar of Zin.
  1409 | D:2      | Reached skill level 1 in Dodging
  1409 | D:2      | Reached XP level 4. HP: 37/40 MP: 3/3
  2067 | D:3      | Noticed Ijyb
  2075 | D:3      | Reached XP level 5. HP: 26/47 MP: 4/4
  2075 | D:3      | Killed Ijyb
  2076 | D:3      | Reached skill level 4 in Axes
  2282 | D:3      | You are sucked into a shaft and drop 3 floors!
  2455 | D:6      | Noticed a black bear
  2468 | D:6      | Killed a black bear
  2469 | D:6      | Reached skill level 5 in Axes
  2469 | D:6      | Reached XP level 6. HP: 24/53 MP: 5/5
  2732 | D:5      | Entered Level 5 of the Dungeon
  2796 | D:6      | Reached skill level 5 in Armour
  3045 | D:5      | Reached skill level 6 in Axes
  3063 | D:5      | Reached skill level 5 in Fighting
  3071 | D:5      | Reached XP level 7. HP: 38/61 MP: 6/6
  3267 | D:5      | Found an iron altar of Okawaru.
  3403 | D:4      | Found Uxeugoha's Assorted Antiques.
  3429 | D:4      | Found Olietz's Antique Armour Emporium.
  3970 | D:4      | Found Foewk's Distillery.
  3989 | D:4      | Reached skill level 7 in Axes
  4304 | D:4      | Found Coziaz's Magic Scroll Emporium.
  5231 | D:6      | Noticed Grinder
  5231 | D:6      | Paralysed by Grinder for 3 turns
  5236 | D:6      | Paralysed by Grinder for 2 turns
  5251 | D:6      | Paralysed by Grinder for 5 turns
  5254 | D:6      | Demolished by an ogre

Illustrated notes

Levels and vault maps discovered:
D:1:      mainiacjoe_arrival_reflecting_pool, layout_basic,
          ebering_ecumenical_altar_webs
D:2:      minmay_inner_zag, layout_basic, minmay_hexomino_r4
D:3:      layout_rooms, uniq_ijyb
D:4:      layout_basic, serial_shops, kennysheep_mini_moat,
          nicolae_shop_hallway_plus, nicolae_stop_n_shop_2, shop_fountains,
          kennysheep_windowed_goal
D:5:      corexii_shack_village, layout_cave_pools, okawaru_metal_pillars_1_2,
          chequers_serial_rivers_micro_c, lightli_minifort
D:6:      layout_cave_pools, nicolae_zen_rock_garden,
          hangedman_decor_peaks_small, kennysheep_cross_room, uniq_grinder

Skill      XL: |  1  2  3  4  5  6  7 |
---------------+----------------------+-----
Shields        | 4 |  4.9
Armour         | 4 5 6 |  6.1
Axes           | 3 5 6 7 |  7.4
Fighting       | 4 5 |  5.7
Dodging        | 1 2 |  2.4
Stealth        | |  0.1

Action                   |  1- 3 |  4- 6 |  7- 9 || total
-------------------------+-------+-------+-------++-------
Melee: War axe           |    93 |    77 |   102 ||   272
       Headbutt          |     8 |    12 |    14 ||    34
  Use: Scroll            |       |     3 |       ||     3
Armor: Scale mail        |    49 |    37 |    33 ||   119
       Plate armour      |       |       |    13 ||    13
Dodge: Dodged            |    47 |    49 |    37 ||   133
Block: Buckler           |    26 |    21 |    21 ||    68
